 Dungeon Crawl Stone Soup version 0.26-a0-784-g51bffae0b1 (webtiles) character file.

Game seed: 365299909335073381

117 Decritt the Cutter (level 5, -5/36 HPs)
             Began as a Halfling Monk on Nov 10, 2020.
             Slain by a hobgoblin
             ... wielding a cursed +0 club
              (6 damage)
             ... on level 2 of the Dungeon.
             The game lasted 00:05:54 (2213 turns).

Decritt the Cutter (Halfling Monk)                  Turns: 2213, Time: 00:05:55

Health: -5/36      AC:  7    Str: 12    XL:     5   Next: 22%
Magic:  5/5        EV: 16    Int:  8    God:
Gold:   99         SH:  0    Dex: 18    Spells: 4/4 levels left

rFire    . . .     SeeInvis .   a - +1 short sword
rCold    . . .     Faith    .   (shield restricted)
rNeg     . . .     Spirit   .   n - +0 leather armour
rPois    .         Reflect  .   (no helmet)
rElec    .         Harm     .   (no cloak)
rCorr    .         Rampage  .   (no gloves)
MR       .....                  (no boots)
Stlth    +++.......             (no amulet)
HPRegen  0.12/turn              k - +4 ring of protection
MPRegen  0.09/turn              l - ring of stealth

@: slowed, very slow
A: small, mutation resistance 1
a: no special abilities


You were on level 2 of the Dungeon.
You visited 1 branch of the dungeon, and saw 3 of its levels.

You collected 99 gold pieces.

Inventory:

Hand Weapons
 a - a +1 short sword (weapon)
Armour
 n - a +0 leather armour (worn)
Jewellery
 k - a +4 ring of protection (left hand)
 l - a ring of stealth (right hand)
Scrolls
 b - 2 scrolls of identify {unknown}
 g - a scroll of fear {unknown}
 h - a scroll of remove curse
Potions
 c - a potion of degeneration {unknown}
 d - a potion of attraction {unknown}
 e - a potion of curing {unknown}
 f - a potion of haste
 i - a potion of lignification {unknown}


   Skills:
 - Level 3.1 Fighting
 * Level 5.2 Short Blades
 + Level 2.8 Armour
 - Level 3.2 Dodging
 - Level 2.1 Stealth


You had 4 spell levels left.
You didn't know any spells.
Your spell library was empty.

Dungeon Overview and Level Annotations

Branches:
Dungeon (3/15)

Altars:

Annotations:
D:3 Grinder


Innate Abilities, Weirdness & Mutations

You are small and have problems with some larger weapons.
You are somewhat resistant to further mutation.


Message History

The orc closely misses you. Grinder gestures at you.
Pain shoots through your body!
* * * LOW HITPOINT WARNING * * *
The orc wizard misses you. The orc barely misses you.
The orc wizard hits you but does no damage.
The orc throws a boomerang.
The boomerang completely misses you.
The weapon returns to the orc!
The hobgoblin misses you.
You climb upwards.
There is a stone staircase leading down here.
Okay, then.
The orc wizard gestures wildly while chanting.
The orc wizard blinks!
The hobgoblin hits you but does no damage.
The orc hits you with a +1 whip of holy wrath.
* * * LOW HITPOINT WARNING * * *
The orc wizard mumbles some strange words.
The orc wizard blinks!
The hobgoblin misses you.
The hobgoblin hits you with a cursed +0 club.
You die...

#........# #.####.# #.#
#...o....# #.####.# #.#
#........###......# ####.#
#....ยง.....#.###..# ##.....
######..........#.###..###...#..
#............>..................
####.######.#.oo#..##..###...#..
#.# #.#.go##.##..# #.....#
#.#### #.#..@##.##..###..####
#.##.# #...............)...##
#.##.####....................
#.............#.##.#.##..####
####.##...#####.##...........
#.##...#####..........####
####.##..............##.##
#....##.............###.#
#.##......#=###.........#


You could see 2 orc wizards, 2 orcs and a hobgoblin.

Vanquished Creatures
  5 adders (D:2)
  A worm (D:2)
  3 dart slugs
  2 leopard geckos (D:2)
  3 giant cockroaches
  3 goblins
  5 hobgoblins
  7 jackals
  2 quokkas (D:2)
  4 bats (D:2)
  2 frilled lizards
  4 kobolds
  25 rats (D:2)
66 creatures vanquished.

Notes
Turn   | Place    | Note
-------+----------+-------------------------------------------
     0 | D:1      | Decritt the Halfling Monk began the quest for the Orb.
     0 | D:1      | Reached XP level 1. HP: 15/15 MP: 1/1
    93 | D:1      | Reached skill level 4 in Short Blades
   185 | D:1      | Reached XP level 2. HP: 20/20 MP: 2/2
   745 | D:2      | Reached skill level 5 in Short Blades
   745 | D:2      | Reached XP level 3. HP: 23/25 MP: 3/3
   902 | D:2      | Reached skill level 1 in Armour
  1463 | D:2      | Reached XP level 4. HP: 30/30 MP: 4/4
  1997 | D:2      | Reached XP level 5. HP: 33/36 MP: 5/5
  2200 | D:3      | Noticed Grinder
  2202 | D:3      | Paralysed by Grinder for 7 turns
  2211 | D:2      | HP: 1/36 [orc/+1 whip of holy wrath (2)]
  2213 | D:2      | Slain by a hobgoblin

Illustrated notes

Levels and vault maps discovered:
D:1:      dpeg_arrival_another_circle, layout_rooms, minmay_misc_feat_tower
D:2:      layout_basic, minmay_rat_hole
D:3:      layout_rooms, uniq_sigmund, uniq_ijyb, uniq_grinder

Skill      XL: |  1  2  3  4 |
---------------+-------------+-----
Short Blades   | 4 5 |  5.2
Armour         | 1 2 |  2.8
Fighting       | 3 |  3.1
Dodging        | |  3.2
Stealth        | |  2.1

Action                   |  1- 3 |  4- 6 || total
-------------------------+-------+-------++-------
Melee: Short sword       |   114 |   109 ||   223
  Use: Scroll            |     6 |       ||     6
       Potion            |     1 |       ||     1
 Stab: Sleeping          |     6 |     6 ||    12
Armor: Robe              |     3 |       ||     3
       Leather armour    |    24 |    55 ||    79
Dodge: Dodged            |    83 |    88 ||   171

Table legend: (Time is in decaauts)
 A = Elapsed time spent in this place.
 B = Non-inter-level travel time spent in this place.
 C = Inter-level travel time spent in this place.
 D = Time resting spent in this place.
 E = Time spent auto-exploring this place.
 F = Levels seen in this place.
 G = Mean time per level.
                   A        B        C        D        E       F      G
               +--------+--------+--------+--------+--------+-----+--------+
         Total |   2161 |   2120 |     41 |    554 |   1083 |   3 |  720.3 |
       Dungeon |   2161 |   2120 |     41 |    554 |   1083 |   3 |  720.3 |
               +--------+--------+--------+--------+--------+-----+--------+

Top non-repeatable levels by time:
     D:1: 1177 daAuts
     D:2: 974 daAuts
     D:3: 10 daAuts
